cohdb
Replays
Latest Replays
All Replays
Popular Replays
Top Player Replays
Match Explorer
How It Works
Community
CoH3 Stats
Reddit
Sign in to upload your games and track your stats! →
Sign in with Steam
Match 40632722
Unlisted
Match 40632722
Overview
Messages
Build Orders
End
Construct Section Command Post
Royal Engineer Section
Selects Air and Sea Battlegroup
Vickers Machine Gun Team
Infantry Section
ML 3-inch Mortar Team
Dingo Light Scout Car
Construct Platoon Command Post
Selects Commando Section Paradrop
Commando Section Paradrop
Grenade Package
Unlock Bishop Self-propelled Artillery
Bishop Self-propelled Artillery
6-pounder Anti-tank Gun Team
Selects Naval Blockade
Selects UNKNOWN (223837)
Commando Section Paradrop
matjouz
Sarmynation
A$C0R
Aslansia
0
0
Comments
sign in to comment!
No comments posted yet!